 Dungeon Crawl Stone Soup version 0.26.1-2-gb8aa6d0cf2 (webtiles) character file.

Game seed: 5548969517388230810

112 skwiii the Stinger (level 4, -5/30 HPs)
             Began as a Demonspawn Venom Mage on Mar 2, 2021.
             Splashed by Ijyb's acid (15 damage)
             ... on level 3 of the Dungeon.
             The game lasted 00:07:42 (4518 turns).

skwiii the Stinger (Demonspawn Venom Mage)          Turns: 4518, Time: 00:07:43

Health: -5/30      AC: -1    Str:  9    XL:     4   Next: 64%
Magic:  8/8        EV: 13    Int: 17    God:
Gold:   129        SH:  0    Dex: 13    Spells: 5/8 levels left

rFire    . . .     SeeInvis .   (no weapon)
rCold    . . .     Faith    .   (no shield)
rNeg     . . .     Spirit   .   a - +0 robe
rPois    .         Reflect  .   (no helmet)
rElec    .         Harm     .   (no cloak)
rCorr    .         Rampage  .   (no gloves)
Will     .....                  n - +0 pair of boots
Stlth    ++........             (no amulet)
HPRegen  0.10/turn              (no ring)
MPRegen  0.11/turn              (no ring)

@: corroded
A: powered by pain 1
a: no special abilities


You were on level 3 of the Dungeon.
You visited 1 branch of the dungeon, and saw 3 of its levels.

You collected 129 gold pieces.

Inventory:

Hand Weapons
 o - a +0 short sword
Armour
 a - a +0 robe (worn)
 n - a +0 pair of boots (worn)
Scrolls
 b - a scroll of teleportation
 d - a scroll of fear
 e - a scroll of immolation {unknown}
 f - a scroll of enchant weapon {unknown}
 g - 4 scrolls of remove curse
 i - a scroll of identify
 l - a scroll of blinking {unknown}
 m - a scroll of random uselessness {unknown}
Potions
 c - 2 potions of attraction {unknown}
 h - a potion of flight {unknown}
 j - 2 potions of brilliance {unknown}
 k - 2 potions of curing {unknown}
 p - 2 potions of degeneration {unknown}


   Skills:
 + Level 2.5 Dodging
 + Level 2.6 Stealth
 + Level 2.6 Spellcasting
 + Level 1.9 Transmutations
 + Level 3.5 Poison Magic


You had 5 spell levels left.
You knew the following spells:

 Your Spells              Type           Power        Failure   Level
a - Sting                 Tmut/Pois      44%          6%          1
b - Poisonous Vapours     Pois/Air       16%          13%         2

Your spell library contained the following spells:

 Spells                   Type           Power        Failure   Level
 Ignite Poison            Fire/Tmut/Pois 8%           26%         3
 Mephitic Cloud           Conj/Pois/Air  6%           32%         3
 Olgreb's Toxic Radiance  Pois           14%          38%         4


Dungeon Overview and Level Annotations

Branches:
Dungeon (3/15)

Altars:
Okawaru
Ru
Trog
Yredelemnul

Annotations:
D:3 Ijyb


Innate Abilities, Weirdness & Mutations

You sometimes gain a little power by taking damage.


Message History

Ijyb is nearby!
Casting: Sting (safe; 6% risk of failure)
Confirm with . or Enter, or press ? or * to list all spells.
Aiming: Poisonous Vapours (safe; 13% risk of failure)
Press: ? - help, Dir - move target, f/p - Ijyb
Aim: Ijyb, wielding a +1 dagger of draining, wearing a +3 leather armour of poison resistance and carrying a wand of acid (10) But poisonous vapours would do no harm to Ijyb!
Unknown command.
Aiming: Sting (safe; 6% risk of failure)
Press: ? - help, Q - select action, (/) - cycle Shift-Dir - straight line, f/p - Ijyb
Aim: Ijyb, wielding a +1 dagger of draining, wearing a +3 leather armour of poison resistance and carrying a wand of acid (10) (36% to evade)
The sting hits Ijyb.
Ijyb is poisoned.
Ijyb is lightly wounded.
An adder comes into view.
Ijyb zaps a wand.
The bolt of acid hits you!!
Ouch! That really hurt!
You focus on the pain.
You feel your power returning. The acid corrodes you!
You are splashed with acid!
Ouch! That really hurt!
You die...

#....#.........?....
#.#.##..............
.....##..............
...###...............
.# # .##.....##.....
.. ###g### ###
#..####.#
#.....#.########
#..@.......#
##..†......#
#.........#
#..(......#
#.........#
#.........#
#########.#.######
##...#...##.†#
##.........#.<#


You could see Ijyb (poisoned).

Vanquished Creatures
  Natasha (D:3)
  3 adders (D:2)
  An ooze (D:2)
  A worm (D:2)
  2 dart slugs
  2 leopard geckos (D:3)
  An orc (D:3)
  2 giant cockroaches
  9 goblins
  2 hobgoblins
  8 jackals
  A ball python (D:1)
  4 bats
  4 frilled lizards
  2 kobolds
  3 rats
46 creatures vanquished.

Notes
Turn   | Place    | Note
-------+----------+-------------------------------------------
     0 | D:1      | skwiii the Demonspawn Venom Mage began the quest for the
                  | Orb.
     0 | D:1      | Reached XP level 1. HP: 13/13 MP: 3/3
   324 | D:1      | Reached skill level 1 in Transmutations
   638 | D:1      | Gained mutation: You sometimes gain a little power by
                  | taking damage. [demonic ancestry]
   638 | D:1      | Reached XP level 2. HP: 10/19 MP: 0/5
  1658 | D:2      | Found a basalt altar of Yredelemnul.
  2086 | D:2      | Learned a level 2 spell: Poisonous Vapours
  2149 | D:2      | Reached XP level 3. HP: 24/24 MP: 0/6
  2324 | D:2      | Found an iron altar of Okawaru.
  3337 | D:2      | Found a sacrificial altar of Ru.
  3476 | D:2      | Reached XP level 4. HP: 30/30 MP: 1/7
  4102 | D:3      | Noticed Natasha
  4236 | D:3      | Killed Natasha
  4306 | D:3      | Noticed Ijyb
  4480 | D:3      | Found a bloodstained altar of Trog.
  4518 | D:3      | Splashed by Ijyb's acid

Illustrated notes

Levels and vault maps discovered:
D:1:      minmay_arrival_split_and_join, layout_loops_ring,
          hangedman_decor_growths
D:2:      kennysheep_the_goblin_king, layout_loops_ring,
          yredelemnul_altar_generic, general_overflow_altar, okawaru_gym_becter
D:3:      layout_rooms, marbit_many_paths, lemuel_zombie_altar_kikubaaqudgha,
          st_stairs_1, minmay_circle_x, uniq_ijyb, uniq_natasha

Skill      XL: |  1  2 |
---------------+-------+-----
Transmutations | 1 |  1.9
Stealth        | 2 |  2.6
Dodging        | 2 |  2.5
Spellcasting   | |  2.6
Poison Magic   | |  3.5

Action                   |  1- 3 |  4- 6 || total
-------------------------+-------+-------++-------
 Cast: Sting             |    52 |    17 ||    69
       Poisonous Vapours |    11 |     8 ||    19
  Use: Scroll            |     1 |     3 ||     4
Armor: Robe              |    12 |       ||    12
Dodge: Dodged            |    54 |    14 ||    68
